 Dungeon Crawl Stone Soup version 0.28.0-43-g3370ac3207 (webtiles) character file.

Game seed: 8660983797181572778

352501 theElss the Slayer (level 22, -16/139 HPs)
             Began as a Gargoyle Berserker on Mar 9, 2022.
             Was the Champion of Trog.
             Demolished by a frost giant
             ... wielding a +2 battleaxe of freezing
              (21 damage)
             ... on level 4 of the Depths on Mar 10, 2022.
             The game lasted 03:33:32 (55192 turns).

theElss the Slayer (Gargoyle Berserker)            Turns: 55192, Time: 03:33:32

Health: -16/139    AC: 42    Str: 22    XL:     22   Next: 25%
Magic:  0/22       EV: 12    Int: 14    God:    Trog [******]
Gold:   3133       SH: 13    Dex: 11    Spells: 21/21 levels left

rFire   + . .      SeeInvis +   G - +7 demon whip (elec)
rCold   + . .      Faith    .   Z - +0 kite shield {reflect}
rNeg    + . .      Spirit   +   p - +3 plate armour {rC+}
rPois   ∞          Reflect  +   v - +0 helmet
rElec   +          Harm     .   E - +0 cloak
rCorr   .          Rampage  .   L - +0 pair of gloves
Will    ++...                   T - +0 pair of boots {Stlth+}
Stlth   ..........              y - amulet of Greed {Spirit Regen+ Str-5 Int+3 SInv}
HPRegen 1.13/turn               g - ring of protection from fire
MPRegen 0.18/turn               r - ring of willpower

@: on berserk cooldown, flying, slowed, glowing, studying Stealth, silenced,
very slow
A: sickness immunity, AC +16, big wings, negative energy resistance 1,
electricity resistance, torment resistance 1, petrification resistance, deformed
body, frail 1
}: 2/15 runes: barnacled, gossamer
a: Renounce Religion


You were on level 4 of the Depths.
You worshipped Trog.
Trog was exalted by your worship.
You visited 7 branches of the dungeon, and saw 38 of its levels.
You visited the Abyss 1 time.
You visited 2 bazaars.
You also visited: Sewer and Gauntlet.

You collected 4124 gold pieces.
You spent 991 gold pieces at shops.

Inventory:

Hand Weapons
 G - a +7 demon whip of electrocution (weapon)
 J - a +3 vorpal flail
Missiles
 C - 3 throwing nets (quivered)
Armour
 p - a +3 plate armour of cold resistance (worn)
 v - a +0 helmet (worn)
 E - a +0 cloak (worn)
 L - a +0 pair of gloves (worn)
 T - a +0 pair of boots of stealth (worn)
 W - the +7 plate armour "Ufirakuk" {rF+ rCorr Stlth+}
   (You took it off a minotaur in a Gauntlet)

   rF:        It protects you from fire.
   rCorr:     It protects you from acid and corrosion.
   Stlth:     It makes you more stealthy.
 Z - a +0 kite shield of reflection (worn)
Jewellery
 g - a ring of protection from fire (left hand)
 r - a ring of willpower (right hand)
 s - a ring of positive energy
 t - an amulet of the acrobat
 y - the amulet of Greed (around neck) {Spirit Regen+ Str-5 Int+3 SInv}
   (You found it on level 7 of the Dungeon)

   [amulet of guardian spirit]

   It causes incoming damage to be divided between your reserves of health and
   magic.
   Str:       It affects your strength (-5).
   Int:       It affects your intelligence (+3).
   SInv:      It lets you see invisible.
   Regen:     It increases your rate of health regeneration.
 M - a ring of positive energy
 O - a ring of see invisible
 S - a ring of ice
 Y - a ring of protection from fire
Wands
 c - a wand of mindburst (20)
 d - a wand of paralysis (26)
 i - a wand of iceblast (24)
 z - a wand of flame (63)
 H - a wand of polymorph (39)
 R - a wand of charming (5)
 X - a wand of digging (8)
Scrolls
 b - a scroll of brand weapon
 e - 8 scrolls of blinking
 h - 5 scrolls of immolation
 k - 2 scrolls of enchant weapon
 m - 8 scrolls of fear
 n - a scroll of silence
 o - 8 scrolls of fog
 w - 3 scrolls of vulnerability
 D - 8 scrolls of teleportation
 F - a scroll of torment
 N - 5 scrolls of summoning
 P - a scroll of acquirement
 Q - 4 scrolls of magic mapping
 U - a scroll of enchant armour
 V - a scroll of holy word
Potions
 a - 2 potions of cancellation
 f - 4 potions of mutation
 j - 16 potions of curing
 l - 8 potions of haste
 q - 2 potions of magic
 u - 11 potions of ambrosia
 x - 5 potions of lignification
 A - a potion of heal wounds
 B - 5 potions of might
 I - 4 potions of resistance
 K - 5 potions of invisibility


   Skills:
 + Level 21.0 Fighting
 - Level 16.1 Maces & Flails
 + Level 20.9 Armour
 + Level 16.5 Dodging
 - Level 15.0 Shields
 - Level 8.0 Evocations


You had 21 spell levels left.
You didn't know any spells.
Your spell library was empty.

Dungeon Overview and Level Annotations

Branches:
Dungeon (15/15)            Temple (0/1) D:5            Lair (6/6) D:10
 Shoals (4/4) Lair:2       Spider (4/4) Lair:2        Slime (0/5) Lair:5
    Orc (2/2) D:10            Elf (0/3) Orc:2        Vaults (3/5) D:14
  Crypt (0/3) Vaults:3     Depths (4/4) D:15          Sewer (visited)
Gauntlet (visited)
    Zot: Depths:4

Altars:
Ashenzari
Elyvilon
Hepliaklqana
Makhleb
Nemelex Xobeh
Okawaru
Sif Muna
Trog
Vehumet
Wu Jian
Xom
Zin
Beogh
Jiyva

Shops:
Orc:2 ??*[   Depths:3 :

Portals:
Hell: Depths:1 Depths:2 Depths:3
Abyss: Depths:1 Depths:3
Pandemonium: Depths:2 Depths:3
Ziggurat: Depths:4
Trove: Vaults:3 (give +7 demon blade)

Annotations:
Orc:1 2 transporters, kazak's ghost, journeyman OpFE
Depths:2 2 runed translucent doors
Depths:4 Mennas


Innate Abilities, Weirdness & Mutations

You are immune to sickness and miasma.
Your stone body is resilient. (AC +16)
You are immune to poison.
Your large and strong wings let you fly.
You resist negative energy. (rN+)
You are resistant to electric shocks. (rElec)
You are resistant to unholy torment.
You are immune to petrification.
Armour fits poorly on your strangely shaped body.
You are frail. (-10% HP)


Message History

* * * LOW HITPOINT WARNING * * *
You block the frost giant's attack.
You feel much better. Mennas hits you but does no damage.
Mennas completely misses you. The frost giant misses you.
You block Mennas's attack. Mennas closely misses you.
Mennas becomes audible again.
Mennas gestures at you. Mennas hits you but does no damage.
You block Mennas's attack.
The frost giant hits you with a +2 battleaxe of freezing.
Mennas hits you but does no damage. x2
Mennas gestures frantically.
You are confused.
Mennas misses you.
Mennas hits you with a +2 sacred scourge of holy wrath!
The frost giant hits you but does no damage.
Mennas hits you with a +2 sacred scourge of holy wrath!!
* * * LOW HITPOINT WARNING * * *
Mennas hits you but does no damage.
Mennas gestures frantically.
Mennas's surroundings become eerily quiet.
Mennas hits you with a +2 sacred scourge of holy wrath!
* * * LOW HITPOINT WARNING * * *
Mennas hits you but does no damage.
The frost giant hits you but does no damage.
You bump into the crystal wall.
You feel less confused.
Mennas hits you but does no damage. x2; Mennas barely misses you.
Mennas hits you but does no damage.
The frost giant hits you with a +2 battleaxe of freezing!!
* * * LOW HITPOINT WARNING * * *
The frost giant freezes you.
* * * LOW HITPOINT WARNING * * *
Mennas hits you with a +2 sacred scourge of holy wrath.
You block Mennas's attack.
The frost giant hits you but does no damage.
Mennas hits you with a +2 sacred scourge of holy wrath.
* * * LOW HITPOINT WARNING * * *
You block Mennas's attack.
The frost giant hits you with a +2 battleaxe of freezing!!
You die...

##.'### #....#
##....# #....##
##.#...#
#.##..##
##.#...##
#.##AC##
##.#..@##
###.##..##
####......##
######.#......##
..§§...''!...##
⌠§§§....#..###
..§.....####
...§..###
#######


You could see Mennas (silencing) and a frost giant.

Vanquished Creatures
  A dread lich (Depths:1)
  An ancient lich (Depths:3)
  A juggernaut (Depths:2)
  Frederick (Depths:3)
  2 profane servitors (Abyss:3)
  Arachne (Spider:3)
  3 tentacled monstrosities
  Jorgrun (Orc:1)
  Rupert (D:13)
  2 liches (Depths:3)
  The ghost of Raspi the Warrior, an adept MiGl of Gozag (Shoals:3)
  2 krakens
  An ancient champion (Vaults:3)
  3 tentacled starspawn
  6 sphinxes
  Ilsuiw (Shoals:4)
  2 tengu reavers (Depths:2)
  3 shadow dragons
  Donald (Spider:3)
  A storm dragon (Depths:2)
  A revenant (Vaults:3)
  5 frost giants
  3 vault wardens
  An iron dragon (Depths:2)
  8 fire giants
  A deep elf sorcerer (Depths:3)
  8 emperor scorpions
  Louise (Shoals:3)
  2 orc warlords (Vaults:2)
  6 ghost moths
  13 ironbound preservers
  A broodmother (Spider:3)
  A caustic shrike skeleton (Depths:1)
  28 very ugly things
  8 stone giants
  5 ironbound thunderhulks
  Azrael (D:15)
  4 vampire knights
  A lorocyproca (Depths:2)
  5 entropy weavers
  A minotaur (Gauntlet)
  2 spark wasps (shapeshifter) (Gauntlet)
  4 spark wasps
  3 deep elf death magi (Depths:1)
  4 ettins
  3 merfolk javelineers
  A blizzard demon (Depths:3)
  6 yaktaur captains
  3 fire dragons
  15 merfolk impalers
  3 ice dragons
  4 great orbs of eyes
  3 vault guards (Vaults:1)
  3 spriggan air magi (Depths:4)
  Harold (D:7)
  5 merfolk avatars
  11 boulder beetles
  An ogre mage (Vaults:1)
  2 rakshasas
  Erolcha (D:13)
  3 jorogumos
  2 death knights
  A radroach (Spider:3)
  14 hydras
  5 ironbound frosthearts
  14 centaur warriors
  An alligator snapping turtle (Shoals:4)
  A catoblepas (D:15)
  5 merfolk aquamancers (Shoals:4)
  A two-headed ogre (shapeshifter) (D:14)
  5 deep troll shamans
  11 two-headed ogres
  3 tengu warriors
  4 deep troll earth magi
  3 orc high priests (Orc:2)
  A vampire mage (Depths:3)
  4 thrashing horrors (Abyss:3)
  3 spriggan berserkers
  2 hell knights (Depths:2)
  3 wretched stars
  2 sun moths
  2 sixfirhies (Depths:2)
  A fire crab (shapeshifter) (Gauntlet)
  8 pharaoh ants
  5 skeletal warriors
  2 iron trolls
  A golden dragon zombie (Depths:2)
  A flayed ghost (Depths:1)
  9 orb spiders
  35 deep trolls
  12 sea snakes
  7 lindwurms
  2 steelbarb worms (Spider:2)
  A tengu zombie (Depths:2)
  12 ironbound convokers
  2 deep elf pyromancers (Depths:3)
  6 necromancers
  10 orc knights
  11 wizards
  15 harpies
  A deep elf zephyrmancer (Depths:3)
  A frost giant zombie (Depths:1)
  15 wolf spiders
  4 fauns (Shoals:1)
  3 orc sorcerers (Orc:2)
  12 manticores
  13 elephants
  4 moths of wrath
  30 ugly things
  A frost giant skeleton (Depths:1)
  7 cyclopes
  A worldbinder (Abyss:3)
  5 black mambas
  8 water nymphs
  An apocalypse crab (Shoals:1)
  A fire giant skeleton (Depths:2)
  A gargoyle (D:12)
  10 merfolk sirens
  A rust devil (Depths:2)
  2 torpor snails
  2 eyes of devastation (shapeshifter)
  11 vault sentinels
  2 smoke demons (Abyss:3)
  18 cane toads
  15 rime drakes
  27 yaktaurs
  7 demonic crawlers
  A freezing wraith (Vaults:2)
  14 komodo dragons
  2 unseen horrors
  A spectral glowing shapeshifter (Depths:1)
  2 efreet
  A tengu conjurer (Depths:3)
  4 ancient zymes (Abyss:3)
  A spectral tengu (Depths:1)
  3 trolls
  4 tyrant leeches (Spider:2)
  4 meliai
  A troll (shapeshifter) (Gauntlet)
  21 merfolk
  2 polar bears (Lair:5)
  A queen bee (Lair:2)
  7 wind drakes
  Grinder (D:4)
  32 slime creatures
  16 tarantellas
  4 blink frogs
  9 hornets
  2 raiju (Abyss:3)
  7 dream sheep
  19 jumping spiders
  16 snapping turtles
  23 culicivoras
  A shadow (D:11)
  4 wraiths
  A ynoxinul (Abyss:3)
  7 wyverns
  68 yaks
  A culicivora (shapeshifter) (D:13)
  A large abomination (Abyss:3)
  Eustachio (D:5)
  2 fire elementals (D:15)
  17 water elementals
  4 basilisks
  2 chaos spawn
  A yak (shapeshifter) (D:14)
  13 steam dragons
  An elf simulacrum (Vaults:3)
  A redback (shapeshifter) (Gauntlet)
  69 redbacks
  A neqoxec (Gauntlet)
  17 vampire mosquitoes
  2 swamp worms (D:12)
  2 wargs
  6 acid dragons
  Duvessa (D:5)
  An ogre zombie (Vaults:3)
  A floating eye (Depths:1)
  16 water moccasins
  5 hell hounds (D:15)
  25 orc warriors
  4 black bears
  9 ogres
  A necrophage (D:5)
  5 boggarts (Vaults:2)
  17 wolves
  10 centaurs
  A human zombie (Vaults:3)
  2 kobold brigands
  13 bullfrogs
  A scorpion (D:5)
  8 small abominations
  Dowan (D:5)
  80 killer bees
  2 vampire bats (Lair:2)
  4 howler monkeys
  5 electric eels
  3 centaur zombies
  2 hounds
  A jelly (D:6)
  18 orc priests
  A bullfrog skeleton (D:6)
  Ijyb (D:5)
  2 gnoll shamans
  2 iguanas
  17 orc wizards
  A hound skeleton (D:5)
  A howler monkey zombie (D:9)
  8 gnolls
  15 adders
  6 river rats
  A shadow imp (D:7)
  An ufetubus (D:5)
  A worm (D:5)
  A dart slug (D:2)
  63 orcs
  5 endoplasms
  3 giant cockroaches
  3 goblins
  4 hobgoblins
  2 jackals (D:2)
  4 quokkas
  12 ball pythons
  5 bats
  9 frilled lizards
  10 kobolds
  15 rats
  A lurking horror (Abyss:3)
  3 starspawn tentacles (Abyss:3)
  9 tentacles
1509 creatures vanquished.

Vanquished Creatures (collateral kills)
  2 very ugly things (Depths:2)
  A merfolk impaler (Shoals:4)
  A water nymph (Shoals:4)
  An orange demon (Abyss:3)
  A storm dragon simulacrum (Depths:2)
  A hellion (Abyss:3)
  A rime drake (Lair:5)
  A wind drake (Shoals:4)
9 creatures vanquished.

Vanquished Creatures (others)
  A wizard (Vaults:3)
  An orb spider (Spider:4)
  A harpy (Vaults:2)
  A wolf spider (Spider:2)
  A rime drake (Lair:3)
  2 yaktaurs (Vaults:3)
  A culicivora (Spider:1)
  An orc (Orc:1)
  48 fungi
  A lurking horror (Abyss:3)
  97 plants
  14 starspawn tentacles
  25 tentacles
  2 withered plants (Shoals:3)
196 creatures vanquished.

Grand Total: 1714 creatures vanquished

Notes
Turn   | Place    | Note
-------+----------+-------------------------------------------
     0 | D:1      | theElss the Gargoyle Berserker began the quest for the Orb.
     0 | D:1      | Reached XP level 1. HP: 14/14 MP: 1/1
   474 | D:1      | Reached XP level 2. HP: 19/19 MP: 2/2
  1000 | D:2      | Reached XP level 3. HP: 23/23 MP: 3/3
  1287 | D:2      | Found a faded altar of an unknown god.
  1602 | D:2      | Reached XP level 4. HP: 25/29 MP: 4/4
  1990 | D:2      | Reached skill level 4 in Fighting
  2059 | D:2      | Reached ** piety under Trog
  2245 | D:3      | Reached XP level 5. HP: 25/33 MP: 5/5
  3159 | D:4      | Reached XP level 6. HP: 39/39 MP: 6/6
  3167 | D:4      | Noticed Grinder
  3180 | D:4      | Killed Grinder
  3181 | D:4      | Reached skill level 5 in Fighting
  3324 | D:4      | Reached XP level 7. HP: 36/44 MP: 7/7
  3816 | D:5      | Entered Level 5 of the Dungeon
  3816 | D:5      | Noticed Eustachio
  3825 | D:5      | Killed Eustachio
  3826 | D:5      | Reached skill level 5 in Maces & Flails
  4011 | D:5      | Reached skill level 5 in Armour
  4052 | D:5      | Noticed Dowan
  4052 | D:5      | Noticed Duvessa
  4070 | D:5      | Killed Duvessa
  4071 | D:5      | Reached XP level 8. HP: 44/51 MP: 8/8
  4257 | D:5      | Found a staircase to the Ecumenical Temple.
  4275 | D:5      | Reached skill level 6 in Fighting
  4304 | D:5      | Killed Dowan
  4416 | D:5      | Found a glowing drain.
  4432 | Sewer    | Entered a sewer
  5006 | D:5      | Noticed Ijyb
  5015 | D:5      | Killed Ijyb
  5643 | D:6      | Reached *** piety under Trog
  5661 | D:6      | Reached XP level 9. HP: 41/56 MP: 9/9
  5686 | D:6      | Reached skill level 7 in Fighting
  5913 | D:6      | Found a sparkling altar of Nemelex Xobeh.
  6040 | D:7      | Identified the amulet of Greed {Spirit Regen+ Str-5 Int+3
                  | SInv}
  6119 | D:7      | Reached skill level 5 in Dodging
  6246 | D:7      | Found a broken altar of Ashenzari.
  6622 | D:8      | Noticed Harold
  6658 | D:8      | Found a shimmering altar of Xom.
  6661 | D:8      | Noticed a two-headed ogre
  6667 | D:8      | Noticed a centaur warrior
  6686 | D:8      | Killed a centaur warrior
  6767 | D:8      | Reached skill level 8 in Fighting
  7045 | D:7      | Reached XP level 10. HP: 64/64 MP: 4/10
  7375 | D:7      | Killed Harold
  7487 | D:7      | Reached skill level 9 in Fighting
  7729 | D:8      | Found a glowing silver altar of Zin.
  7735 | D:8      | Found a shimmering blue altar of Sif Muna.
  7736 | D:8      | Found an ornate altar of the Wu Jian Council.
  7746 | D:8      | Killed a two-headed ogre
  8394 | D:9      | Found a white marble altar of Elyvilon.
  8794 | D:9      | Reached **** piety under Trog
  9151 | D:10     | Entered Level 10 of the Dungeon
  9268 | D:10     | Found a staircase to the Lair.
  9282 | D:10     | Reached XP level 11. HP: 68/71 MP: 9/11
  9468 | D:10     | Found a staircase to the Orcish Mines.
  9827 | D:10     | Found a bloodstained altar of Trog.
  9827 | D:10     | Found an iron altar of Okawaru.
  9946 | D:11     | Noticed a two-headed ogre
  9946 | D:11     | Noticed a boulder beetle
  9969 | Lair:1   | Entered Level 1 of the Lair of Beasts
 10072 | Lair:1   | Reached skill level 10 in Fighting
 10711 | Lair:1   | Reached skill level 10 in Armour
 11103 | Lair:2   | Found a hole to the Spider Nest.
 11309 | Lair:2   | Found a staircase to the Shoals.
 11593 | Lair:2   | Reached skill level 10 in Maces & Flails
 11696 | Lair:2   | Reached XP level 12. HP: 77/79 MP: 12/12
 11718 | Lair:2   | Reached skill level 11 in Fighting
 11926 | Lair:2   | You fall into a shaft and drop 2 floors!
 12164 | Lair:4   | Reached ***** piety under Trog
 12801 | Lair:3   | Identified the +0 ring mail "Jestehig" {rF++ MP-9 Dex+4}
 12919 | Lair:3   | Noticed a four-headed hydra
 12919 | Lair:3   | Noticed a five-headed hydra
 12940 | Lair:2   | Killed a five-headed hydra
 13159 | Lair:3   | Reached skill level 12 in Fighting
 13358 | Lair:3   | Noticed a six-headed hydra
 13367 | Lair:3   | Killed a six-headed hydra
 13514 | Lair:3   | Noticed a seven-headed hydra
 13523 | Lair:3   | Killed a seven-headed hydra
 13524 | Lair:3   | Reached XP level 13. HP: 86/86 MP: 10/13
 13713 | Lair:3   | Identified the +9 plate armour of Anaesthesia {Str+3}
 14052 | Lair:3   | Received a gift from Trog
 15087 | Lair:5   | Reached skill level 13 in Fighting
 15123 | Lair:5   | Reached skill level 10 in Dodging
 15549 | Lair:5   | Received a gift from Trog
 15637 | Lair:5   | Gained mutation: Your large and strong wings let you fly.
                  | [Gargoyle growth]
 15637 | Lair:5   | Reached XP level 14. HP: 93/94 MP: 12/14
 15911 | Lair:5   | Found a staircase to the Slime Pits.
 15911 | Lair:5   | Found a viscous altar of Jiyva.
 16122 | Lair:6   | Entered Level 6 of the Lair of Beasts
 16157 | Lair:6   | Reached skill level 1 in Shields
 17029 | Lair:6   | Reached skill level 14 in Fighting
 17843 | Orc:1    | Entered Level 1 of the Orcish Mines
 17968 | D:10     | Received a gift from Trog
 18090 | Orc:1    | Found a transporter.
 18152 | Orc:1    | Noticed an orc warlord
 18154 | Orc:1    | Noticed a cyan very ugly thing
 18180 | Orc:1    | Found a transporter.
 18186 | Orc:1    | Noticed kazak's ghost (journeyman OpFE)
 18331 | Orc:2    | Entered Level 2 of the Orcish Mines
 18618 | Orc:2    | Found a staircase to the Elven Halls.
 19157 | Orc:2    | Paralysed by an orc sorcerer for 7 turns
 19180 | Orc:2    | Reached skill level 5 in Shields
 19367 | Orc:2    | Reached XP level 15. HP: 70/101 MP: 8/15
 19520 | Orc:1    | Noticed Jorgrun
 19539 | Orc:1    | Killed Jorgrun
 19677 | Orc:1    | Received a gift from Trog
 19974 | Orc:2    | Found Ykego's Magic Scroll Emporium.
 19974 | Orc:2    | Found Yqou's Magic Scroll Boutique.
 19978 | Orc:2    | Gained mutation: Armour fits poorly on your strangely
                  | shaped body. [a neqoxec]
 19985 | Orc:2    | Gained mutation: You are frail. (-10% HP) [a neqoxec]
 20001 | Orc:2    | Found Ytonk's Armour Emporium.
 20001 | Orc:2    | Found Dynyras's Assorted Antiques.
 20036 | Orc:2    | Bought a scroll of fear for 56 gold pieces
 20036 | Orc:2    | Bought a scroll of identify for 32 gold pieces
 20036 | Orc:2    | Bought a scroll of identify for 32 gold pieces
 20036 | Orc:2    | Bought a scroll of identify for 32 gold pieces
 20036 | Orc:2    | Bought a scroll of blinking for 120 gold pieces
 20036 | Orc:2    | Bought a scroll of amnesia for 56 gold pieces
 20041 | Orc:2    | Bought a scroll of fog for 28 gold pieces
 20041 | Orc:2    | Bought a scroll of magic mapping for 49 gold pieces
 20041 | Orc:2    | Bought a scroll of summoning for 133 gold pieces
 22146 | D:13     | Noticed Erolcha
 22150 | D:13     | Killed Erolcha
 22627 | D:13     | Noticed Rupert
 22627 | D:13     | Paralysed by Rupert for 4 turns
 22647 | D:13     | Killed Rupert
 22744 | D:13     | Reached skill level 15 in Fighting
 24151 | D:13     | Reached skill level 15 in Armour
 24628 | D:14     | Found a gate to the Vaults.
 24811 | D:14     | Reached XP level 16. HP: 62/97 MP: 7/16
 24926 | D:14     | Found a radiant altar of Vehumet.
 25172 | D:15     | Entered Level 15 of the Dungeon
 25480 | D:15     | Found a gate leading to a gauntlet.
 25486 | Gauntlet | Entered a Gauntlet
 25486 | Gauntlet | Found a transporter.
 25501 | Gauntlet | Found a transporter.
 25511 | Gauntlet | Found a transporter.
 25516 | Gauntlet | Found a transporter.
 25533 | Gauntlet | Found a transporter.
 25551 | Gauntlet | Found a transporter.
 25563 | Gauntlet | Found a transporter.
 25575 | Gauntlet | Found a transporter.
 25587 | Gauntlet | Found a transporter.
 25599 | Gauntlet | Found a transporter.
 25616 | Gauntlet | Found a transporter.
 25634 | Gauntlet | Found a transporter.
 25636 | Gauntlet | Found a transporter.
 25664 | Gauntlet | Found a transporter.
 25684 | Gauntlet | Found a transporter.
 25762 | Gauntlet | Found a transporter.
 25782 | Gauntlet | Found a transporter.
 25887 | Gauntlet | Found a transporter.
 26186 | Gauntlet | Identified the +0 cloak of Tulips {Fly rC- rN+++ Int+3}
 26261 | Gauntlet | Identified the +5 scimitar of Darkness {flame, rF- Str+10
                  | Int+3}
 26261 | Gauntlet | Identified the +7 plate armour "Ufirakuk" {rF+ rCorr
                  | Stlth+}
 26839 | D:15     | Found a staircase to the Depths.
 26870 | D:15     | Noticed Azrael
 26886 | D:15     | Killed Azrael
 27244 | Spider:1 | Entered Level 1 of the Spider Nest
 28167 | Spider:1 | Reached skill level 16 in Fighting
 29503 | Spider:2 | Identified a scroll of acquirement
 30204 | Spider:2 | Reached skill level 15 in Maces & Flails
 30204 | Spider:2 | Reached XP level 17. HP: 103/103 MP: 14/17
 30894 | Spider:2 | You are sucked into a shaft and drop 1 floor!
 31334 | Spider:3 | Noticed Arachne
 31364 | Spider:3 | Killed Arachne
 31369 | Spider:3 | Reached skill level 10 in Shields
 32608 | Spider:3 | Noticed Donald
 32624 | Spider:3 | Killed Donald
 33040 | Spider:4 | Entered Level 4 of the Spider Nest
 34479 | Spider:4 | Reached skill level 17 in Fighting
 35312 | Spider:4 | Received a gift from Trog
 35347 | Spider:4 | Reached XP level 18. HP: 110/110 MP: 0/18
 35523 | Spider:4 | Got a gossamer rune of Zot
 35724 | Shoals:1 | Entered Level 1 of the Shoals
 36720 | Shoals:1 | Noticed a tentacled monstrosity
 36732 | Shoals:1 | Killed a tentacled monstrosity
 36741 | Shoals:1 | Identified the ring of Ruiwach {Int+5 SInv Stlth-}
 38031 | Shoals:3 | Found a runed translucent door.
 38034 | Shoals:3 | Noticed Raspi's ghost (adept MiGl)
 38198 | Shoals:3 | Noticed Louise
 38226 | Shoals:3 | Cast into level 3 of the Abyss (Louise)
 38291 | Abyss:3  | Noticed a profane servitor
 38317 | Abyss:3  | Killed a profane servitor
 38443 | Abyss:3  | Found a corrupted altar of Lugonu.
 38708 | Abyss:3  | Noticed a profane servitor
 38766 | Abyss:3  | Killed a profane servitor
 38773 | Shoals:3 | Escaped the Abyss
 39037 | Shoals:3 | Killed Louise
 39094 | Shoals:3 | Reached skill level 1 in Evocations
 39224 | Shoals:3 | Found a hazy altar of Hepliaklqana.
 39588 | Shoals:3 | Killed Raspi's ghost
 39590 | Shoals:3 | Identified the +6 glaive of Duemavur {speed, rN+ MP+9
                  | Dex+3}
 39594 | Shoals:3 | Identified the +6 battleaxe "Rutaiq" {drain, Will+ Int+3}
 39605 | Shoals:4 | Entered Level 4 of the Shoals
 39727 | Shoals:4 | Received a gift from Trog
 40336 | Shoals:4 | Noticed Ilsuiw
 40496 | Shoals:4 | Killed Ilsuiw
 40717 | Shoals:4 | Reached XP level 19. HP: 101/117 MP: 15/19
 40783 | Shoals:4 | Reached skill level 18 in Fighting
 41455 | Orc:2    | Bought a scroll of blinking for 165 gold pieces
 41457 | Orc:2    | Bought a scroll of teleportation for 48 gold pieces
 41462 | Orc:2    | Bought a scroll of teleportation for 42 gold pieces
 41462 | Orc:2    | Bought a scroll of fear for 49 gold pieces
 41462 | Orc:2    | Bought a scroll of fear for 49 gold pieces
 41973 | Shoals:4 | Got a barnacled rune of Zot
 42261 | Vaults:1 | Entered Level 1 of the Vaults
 42303 | D:14     | Paralysed by a great orb of eyes for 3 turns
 42490 | D:14     | Paralysed by a sphinx for 4 turns
 43595 | Vaults:1 | Reached skill level 5 in Evocations
 44452 | Vaults:1 | Received a gift from Trog
 44672 | Vaults:2 | Reached XP level 20. HP: 123/123 MP: 20/20
 45037 | Vaults:1 | Reached ****** piety under Trog
 45347 | Vaults:2 | Reached skill level 19 in Fighting
 45402 | Vaults:2 | Paralysed by a sphinx for 3 turns
 45632 | Vaults:2 | Identified the +7 executioner's axe of Nilod {vorpal, rC+}
                  | (Trog gifted it to you on level 2 of the Vaults)
 45632 | Vaults:2 | Received a gift from Trog
 46910 | Vaults:3 | Reached skill level 15 in Dodging
 46973 | Vaults:3 | Found a staircase to the Crypt.
 47320 | Vaults:3 | Found a flickering gateway to a bazaar.
 47336 | Bazaar   | Entered a bazaar
 47338 | Bazaar   | Found Foum's Antique Armour Boutique.
 47342 | Bazaar   | Found Peir's Antique Weapon Boutique.
 47342 | Bazaar   | Found Feapp's Magic Scroll Boutique.
 47343 | Bazaar   | Found Poip's General Store.
 47376 | Bazaar   | Bought a scroll of blinking for 52 gold pieces
 47376 | Bazaar   | Bought a scroll of teleportation for 21 gold pieces
 47521 | Vaults:3 | Found a portal to a secret trove of treasure.
 48267 | Depths:1 | Entered Level 1 of the Depths
 48520 | Depths:1 | Found a flickering gateway to a bazaar.
 48550 | Bazaar   | Entered a bazaar
 48551 | Bazaar   | Found Woozue Jaibb's General Store.
 48551 | Bazaar   | Found Reaxkuno's Weapon Emporium.
 48552 | Bazaar   | Found Titsaxask's Book Boutique.
 48580 | Bazaar   | Bought a scroll of teleportation for 27 gold pieces
 48583 | Bazaar   | Found Fomil's Antique Armour Shop.
 48664 | Depths:1 | Found a burning altar of Makhleb.
 48746 | Depths:1 | Found a one-way gate to the infinite horrors of the Abyss.
 48752 | Depths:1 | Paralysed by a sphinx for 5 turns
 49008 | Depths:1 | Found a gateway to Hell.
 49047 | Depths:1 | Paralysed by a floating eye for 2 turns
 49233 | Depths:1 | Noticed a dread lich
 49297 | Depths:1 | Paralysed by a dread lich for 6 turns
 49306 | Depths:1 | Paralysed by a dread lich for 7 turns
 49543 | Depths:1 | Paralysed by a great orb of eyes for 3 turns
 49804 | Depths:1 | Killed a dread lich
 49805 | Depths:1 | Reached XP level 21. HP: 110/110 MP: 12/21
 50040 | Depths:1 | Received a gift from Trog
 50056 | Depths:1 | Found a gateway to Hell.
 50536 | Depths:1 | Found a one-way gate to the infinite horrors of the Abyss.
 50797 | Depths:1 | Found a burning altar of Makhleb.
 50935 | Depths:1 | Reached skill level 15 in Shields
 50981 | Depths:2 | Identified the +3 flail "Hymob" {vorpal, Str+6}
 51696 | Depths:2 | Reached skill level 20 in Fighting
 52273 | Depths:2 | Found a one-way gate leading to the halls of Pandemonium.
 52761 | Depths:2 | Found a runed translucent door.
 52762 | Depths:2 | Noticed a juggernaut
 52779 | Depths:2 | Killed a juggernaut
 52846 | Depths:2 | Found a runed translucent door.
 52855 | Depths:2 | Found a runed translucent door.
 52858 | Depths:2 | Found a runed translucent door.
 52954 | Depths:2 | Identified the +10 quarterstaff of Daducata {protect, Str+3
                  | Dex+7}
 52962 | Depths:2 | Identified the +7 broad axe "Gulyr" {elec, rC- rCorr Int+6}
 52964 | Depths:2 | Identified the +4 war axe of the Vendetta {drain, rC++}
 53095 | Depths:3 | Found Ychios's Book Shoppe.
 53458 | Depths:3 | Paralysed by a vampire knight for 2 turns
 53844 | Depths:3 | Noticed Frederick
 53864 | Depths:3 | Killed Frederick
 53956 | Depths:3 | Reached XP level 22. HP: 132/137 MP: 20/22
 54193 | Depths:3 | Noticed an ancient lich
 54209 | Depths:3 | Received a gift from Trog
 54237 | Depths:3 | Killed an ancient lich
 54788 | Depths:4 | Entered Level 4 of the Depths
 54934 | Depths:4 | Reached skill level 21 in Fighting
 55102 | Depths:4 | Found a one-way gateway to a ziggurat.
 55145 | Depths:4 | Noticed Mennas
 55191 | Depths:4 | HP: 6/139 [frost giant/+2 battleaxe of freezing (15)]
 55192 | Depths:4 | Demolished by a frost giant

Illustrated notes

Levels and vault maps discovered:
D:1:      giann_wishing_wells, layout_basic
D:2:      layout_loops_ring, dreamdust_ecumenical_altar_angels_and_demons,
          minmay_snake_closets
D:3:      layout_loops_ring
D:4:      kennysheep_big_flooded_room, layout_basic, uniq_grinder
D:5:      layout_cave_pools, minmay_temple_entry_from_below_b,
          gup_sewer_entry_bubbles, uniq_edmund, uniq_duvessa, uniq_ijyb,
          uniq_eustachio
D:6:      layout_cave_pools, nicolae_overflow_hidden_temple
D:7:      layout_rooms, nicolae_ashenzari_skybound
D:8:      layout_rooms, grunt_temple_overflow_open, serial_curves,
          eino_curves_01, eino_curves_03, uniq_harold
D:9:      layout_basic, elyvilon_altar_5, dk_vineyard_1, feat_on_display
D:10:     layout_basic, grunt_temple_overflow_bloody_war, david_lair_generic,
          orc_0_dummy, minmay_misc_feat_plants
D:11:     layout_loops_ring, st_stairs_11
D:12:     layout_basic, worms_lemuel
D:13:     layout_layer_cave, uniq_erolcha, uniq_rupert
D:14:     layout_layer_cave, skrybe_vaults_entry_preservation,
          nicolae_vehumet_radiance
D:15:     hangedman_depths_entry_civil_slaughter, layout_rooms,
          gauntlet_entry_generic, uniq_azrael
Lair:1:   layout_big_grid, lemuel_fruit_fields
Lair:2:   regret_index_tunnel_blossom, layout_regular_city,
          minmay_shoals_entry_hut, spider_nest_entry_rubble, roderic_batcave,
          lemuel_fruit_fields
Lair:3:   layout_regular_city, bobbens_dragon_lair_wall, grunt_megastairs_5,
          serial_bayou_shore_b
Lair:4:   layout_long_grid, lemuel_fruit_fields
Lair:5:   wad_woods_minihive, layout_misc_corridors, slime_altar_1, st_stairs_5,
          serial_bayou_lake_a
Lair:6:   gammafunk_lair_ancient_temple, layout_hall_layers
Shoals:1: dreamdust_from_the_deep, layout_shoals
Shoals:2: layout_shoals, nicolae_shoals_drake_roost
Shoals:3: layout_shoals, gammafunk_ghost_grave, lemuel_centaur_altar,
          uniq_louise
Shoals:4: shoals_end_grunt_ice, layout_shoals, shoals_ilsuiw_ice
Spider:1: layout_spider_delve
Spider:2: layout_spider_delve, hangedman_stitches_earthworm
Spider:3: layout_chambers, uniq_donald, uniq_arachne
Spider:4: spider_rune_water
Orc:1:    layout_diamond_mine, gammafunk_ghost_abyssal_escape, minmay_orc_keep,
          uniq_jorgrun
Orc:2:    grunt_orc_tribal_feast, layout_caves, basic_altar
Vaults:1: mu_enter_wizlab_6, vaults_room_grunt_arrival_ludios, v_pattern_2,
          vaults_room_hallway, v_misc_18, ontoclasm_vaults_ring_square,
          vaults_room_hallway, vaults_room_pools,
          nicolae_vaults_network_barrier, grunt_vaults_hallway_long,
          nicolae_vaults_little_squares_6, layout_vaults_omnigrid
Vaults:2: nicolae_vaults_puzzle_piece, v_misc_8, nicolae_vaults_three_branches,
          vaults_mumra_bighexcomb, nicolae_vaults_little_squares_5,
          hangedman_vaults_cutoff, grunt_vaults_twisty, vaults_room_door_ring,
          nicolae_vaults_little_squares_3, layout_vaults_omnicross
Vaults:3: minmay_crypt_entry_simple_corners, nicolae_vaults_alarming,
          grunt_vaults_hallway_long, vaults_room_fours,
          nicolae_vaults_little_squares_2, nicolae_vaults_angled_halls,
          nicolae_vaults_asterisk, nicolae_vaults_rhombus_6,
          vaults_standard_mumra_enter_the_diamond, ontoclasm_vaults_gateway,
          ontoclasm_vaults_decontamination, layout_vaults_big_room,
          serial_shops, bzr_entry_safe, enter_trove_0
Depths:1: layout_cave_shapes, hell_entry, serial_shops, bzr_entry_gold,
          abyss_entry, special_room [special_room_morgue],
          chequers_serial_rivers_micro_b, roderic_lattice_a,
          minmay_misc_feat_tower, makhleb_altar_promises_db,
          serial_bayou_shore_a
Depths:2: impenetrable_vault, layout_basic, serial_curves, eino_curves_03,
          eino_curves_04, eino_curves_03, eino_curves_01,
          rand_demon_pan_entry_1, grunt_hell_entry_dis_old
Depths:3: minmay_tri_stars, layout_cave_pools, serial_shops,
          nicolae_lakefront_shop, abyss_entry, hangedman_coc_ice_floe,
          grunt_pan_entry_in_and_out, serial_bayou_pond_d,
          minmay_staircase_statues_hall_small, uniq_frederick
Depths:4: grunt_runaround [grunt_runaround_doors_1, grunt_runaround_doors_2,
          grunt_runaround_doors_3, grunt_runaround_doors_4,
          grunt_runaround_zot], hell_entry, uniq_mennas

Skill      XL: |  1  2  3  4  5  6  7  8  9 10 11 12 13 14 15 16 17 18 19 20 21 22 |
---------------+-------------------------------------------------------------------+-----
Dodging        | 2 3 4 5 7 8 9 10 11 12 13 14 15 16 | 16.5
Armour         | 3 4 5 6 7 9 10 11 13 14 15 16 17 18 19 20 | 20.9
Fighting       | 4 5 6 8 9 10 12 13 14 15 16 17 18 19 20 21 | 21.0
Maces & Flails | 4 5 6 7 8 10 11 12 13 14 15 16 | 16.1
Shields        | 5 7 9 11 12 13 14 15 | 15.0
Evocations     | 3 5 7 8 |  8.0

Action                   |  1- 3 |  4- 6 |  7- 9 | 10-12 | 13-15 | 16-18 | 19-21 | 22-24 || total
-------------------------+-------+-------+-------+-------+-------+-------+-------+-------++-------
Melee: Mace              |    95 |   121 |   494 |   354 |       |       |       |       ||  1064
       Punch             |       |       |     8 |    20 |     7 |       |       |       ||    35
       Great mace        |       |       |    26 |     3 |       |       |       |       ||    29
       Flail             |       |       |       |   781 |  2244 |  2103 |       |       ||  5128
       Dire flail        |       |       |       |       |       |   569 |       |       ||   569
       Demon whip        |       |       |       |       |       |   552 |  2577 |   236 ||  3365
Invok: Berserk           |     2 |     3 |    13 |    10 |    22 |    58 |    11 |     4 ||   123
       Trog's Hand       |       |     1 |     3 |     1 |     2 |     8 |     5 |     1 ||    21
       Brothers in Arms  |       |       |       |       |     2 |     4 |     1 |       ||     7
Evoke: Wand              |       |       |       |       |       |       |     1 |       ||     1
  Use: Scroll            |       |       |     7 |     4 |     8 |    19 |     5 |       ||    43
       Potion            |       |       |       |     1 |     1 |     9 |     2 |     1 ||    14
 Stab: Invisible         |       |       |       |       |       |     3 |       |       ||     3
Armor: Animal skin       |     8 |       |       |       |       |       |       |       ||     8
       Ring mail         |    34 |    55 |    70 |       |       |       |       |       ||   159
       Chain mail        |       |       |   322 |   597 |       |       |       |       ||   919
       Skin              |       |       |       |    32 |     9 |       |       |       ||    41
       Plate armour      |       |       |       |       |  1435 |  2434 |  1155 |   101 ||  5125
Dodge: Dodged            |    71 |    88 |   652 |   957 |  1562 |  2191 |   858 |    38 ||  6417
Block: Buckler           |       |       |       |       |   360 |   409 |       |       ||   769
       Kite shield       |       |       |       |       |       |   844 |  1019 |    85 ||  1948
       Reflection        |       |       |       |       |       |    22 |    29 |       ||    51
